 Dungeon Crawl Stone Soup version 0.19.1-1-g22dce08 (webtiles) character file.

516 Alarkh the Cleaver (level 7, 44/57 HPs)
             Began as a Yellow Draconian Monk on Jan 17, 2017.
             Quit the game in an ossuary.
             The game lasted 00:04:29 (3299 turns).

Alarkh the Cleaver (Yellow Draconian Monk)          Turns: 3299, Time: 00:04:30

Health: 44/57      AC:  7    Str: 14    XL:     7   Next: 0%
Magic:  7/7        EV: 13    Int: 12    God:
Gold:   197        SH:  0    Dex: 17    Spells: 0 memorised, 6 levels left

rFire  . . .     SeeInvis .     a - +0 hand axe
rCold  . . .     Gourm    .     (armour unavailable)
rNeg   . . .     Faith    .     (no shield)
rPois  .         Spirit   .     (helmet restricted)
rElec  .         Reflect  .     k - +0 cloak
rCorr  +         Harm     .     (no gloves)
MR     .....                    (no boots)
Stlth  ++........               (no amulet)
                                (no ring)
                                m - +4 ring of dexterity

@: no status effects
A: spit acid, acid resistance, unfitting armour, cold-blooded, AC +6
a: Spit Acid


You were in an ossuary.
You were not hungry.

You visited 1 branch of the dungeon, and saw 4 of its levels.
You also visited: Ossuary.

You collected 197 gold pieces.

Inventory:

Hand Weapons
 a - a +0 hand axe (weapon)
Missiles
 o - 2 throwing nets (quivered)
Armour
 k - a +0 cloak (worn)
Jewellery
 m - a +4 ring of dexterity (left hand)
Scrolls
 c - 3 scrolls of noise {unknown}
 d - 2 scrolls of amnesia {unknown}
 e - 3 scrolls of remove curse {unknown}
 f - a scroll of recharging {unknown}
 g - 2 scrolls of fear {unknown}
 h - 2 scrolls of enchant weapon {unknown}
 l - 3 scrolls of identify {unknown}
 n - a scroll of teleportation {unknown}
 q - 4 scrolls of immolation {unknown}
 t - 3 scrolls of random uselessness {unknown}
 v - a scroll of torment {unknown}
Potions
 i - 3 potions of haste
 j - 6 potions of degeneration {unknown}
 p - 5 potions of curing
 r - 3 potions of brilliance
 s - 2 potions of flight {unknown}
 u - a potion of mutation {unknown}
 w - a potion of ambrosia {unknown}
Comestibles
 b - a bread ration


   Skills:
 - Level 3.2 Fighting
 + Level 8.0 Axes
 - Level 2.6 Dodging
 - Level 1.7 Stealth


You had 6 spell levels left.
You didn't know any spells.

Dungeon Overview and Level Annotations

Branches:
Dungeon (4/15)
 Temple: D:4-7

Altars:
Cheibriados


Innate Abilities, Weirdness & Mutations

You can spit globs of acid.
You are resistant to acid.
Your golden yellow scales are hard. (AC +6)
You cannot fit into any form of body armour.
You are cold-blooded and may be slowed by cold attacks.


Message History

A big kobold zombie is nearby!
A big kobold zombie is nearby!
You hit the big kobold zombie.
The big kobold zombie is almost destroyed.
The big kobold zombie closely misses you.
You hit the big kobold zombie.
The big kobold zombie is almost destroyed.
The big kobold zombie barely misses you.
You hit the big kobold zombie but do no damage.
The big kobold zombie is almost destroyed.
You barely miss the big kobold zombie. You tail-slap the big kobold zombie.
You destroy the big kobold zombie!
Your Axes skill increases to level 8!
You have reached level 7!
Your scales start taking on a golden yellow colour.
You can spit globs of acid.
You are resistant to acid.
There is an open door here.
You open the door.
An orc zombie comes into view.
Are you sure you want to abandon this character and quit the game? (Confirm with "yes".)

### ###.### #####
##.....## ### #...#
#.......# #.. #...#
####.#### #.. ##.##
#.# ##. ###.#
###'### #. #.'.##
##.....## ##.
###@.###.......###..
#.Z...#.........#...
###...'....⌠....'...
+...#.........#...
#..###.^.....###..
+.## ##.....## ##.
#.# ###'### #. ##.##
#.# ##. #...# ##.##
#..


You could see an orc zombie (wandering).

Vanquished Creatures
  An elf zombie (D:4)
  An elf skeleton (D:4)
  A human zombie (Ossuary)
  A centaur zombie (Ossuary)
  An orc priest (D:3)
  Ijyb (D:2)
  An orc wizard (D:3)
  2 human skeletons (D:4)
  A big kobold zombie (Ossuary)
  5 mummies (Ossuary)
  3 adders (D:3)
  An ooze (D:2)
  A worm (D:3)
  6 dart slugs
  2 leopard geckos
  2 orcs (D:3)
  4 ball pythons (D:1)
  5 giant cockroaches
  6 goblins
  7 hobgoblins
  A quokka (D:2)
  7 bats
  4 frilled lizards
  2 goblin zombies (Ossuary)
  9 kobolds
  5 orc skeletons (D:4)
  2 orc zombies (D:4)
  8 rats
90 creatures vanquished.

Notes
Turn   | Place    | Note
-------+----------+-------------------------------------------
     0 | D:1      | Alarkh the Draconian Monk began the quest for the Orb.
     0 | D:1      | Reached XP level 1. HP: 19/19 MP: 1/1
    58 | D:1      | Reached XP level 2. HP: 11/26 MP: 2/2
   279 | D:1      | Reached skill level 4 in Axes
   429 | D:1      | Reached XP level 3. HP: 28/31 MP: 3/3
  1005 | D:2      | Noticed Ijyb
  1016 | D:2      | Killed Ijyb
  1016 | D:2      | Reached skill level 5 in Axes
  1016 | D:2      | Reached XP level 4. HP: 32/38 MP: 4/4
  2074 | D:3      | Reached XP level 5. HP: 17/45 MP: 5/5
  2078 | D:3      | Reached skill level 6 in Axes
  2446 | D:3      | Found a snail-covered altar of Cheibriados.
  2681 | D:4      | Reached XP level 6. HP: 49/51 MP: 6/6
  2727 | D:4      | Reached skill level 7 in Axes
  2731 | D:4      | Found a sand-covered staircase.
  2848 | Ossuary  | Entered an ossuary
  3295 | Ossuary  | Reached skill level 8 in Axes
  3295 | Ossuary  | Your scales start taking on a golden yellow colour.
  3295 | Ossuary  | Reached XP level 7. HP: 44/57 MP: 7/7
  3299 | Ossuary  | Quit the game

Skill      XL: |  1  2  3  4  5  6 |
---------------+-------------------+-----
Axes           | 4 5 6 8 |  8.0
Fighting       | |  3.2
Dodging        | |  2.6
Stealth        | |  1.7

Action                   |  1- 3 |  4- 6 |  7- 9 || total
-------------------------+-------+-------+-------++-------
Melee: Hand axe          |   102 |   296 |       ||   398
       Tailslap          |    14 |    69 |       ||    83
  Use: Potion            |       |     7 |       ||     7
 Stab: Sleeping          |     3 |     3 |       ||     6
  Eat: Chunk             |       |     6 |       ||     6
       Bread ration      |       |     1 |       ||     1
Armor: Skin              |    31 |    80 |       ||   111
Dodge: Dodged            |    62 |   155 |       ||   217
